AoeStats
← nonoleboss

Arena

506704921Analyzed
1v1 RM · 18d ago on Sep 14, 2026· 36m 37s· 2 players
Game mode
Random Map
Map size
Tiny (2 player)
Population
200
Speed
Normal
Resources
Standard
Victory
Conquest
Starting age
Dark Age
Ending age
Imperial Age
RankedLock teamsTeams togetherTeam positionsShared explorationLock speedFull tech treeHidden civsTurbo modeCheats
Victory
Defeat
🇦🇷 Khmer · Argentina
1382
+17
🇫🇷 Tupi · France
1401
-17
[ESTG] ENAO EL PETE
5:43 Loom
8:20 Feudal Age
14:05 Fletching
20:21 Town Watch
23:25 Castle Age
21:19 Horse Collar
21:46 Double-Bit Axe
23:52 Wheelbarrow
23:41 Crossbowman
25:04 Bodkin Arrow
31:51 Imperial Age
30:00 Bow Saw
31:30 Padded Archer Armor
32:13 Ballistics
31:50 Gold Mining
33:57 Chemistry
33:39 Bracer
35:14 Masonry
36:08 Bloodlines
nonoleboss
10:35 Feudal Age
9:10 Loom
11:43 Feudal Age
16:06 Fletching
21:16 Castle Age
19:29 Double-Bit Axe
19:24 Horse Collar
19:30 Horse Collar
20:28 Padded Archer Armor
20:56 Stone Mining
20:58 Gold Mining
22:07 Bodkin Arrow
23:57 Ballistics
33:43 Imperial Age
32:30 Bow Saw
32:21 Heavy Plow
32:29 Heavy Plow
34:35 Bracer
36:49 Leather Archer Armor
Connection lost

Rejoining the realm…

Still unreachable

The connection could not be restored.

Session expired

The server has moved on; the page needs a fresh start.